[Event "Titled Tuesday Blitz June 13 Early 2023"]
[White "Grossboss19"]
[Black "Haukenfrers, Dale"]
[BlackFideId "2603780"]
[WhiteElo "2431"]
[BlackElo "2045"]
[Result "0-1"]
[Round "7"]
[TimeControl "180+2"]
[Date "2023.06.13"]
[WhiteClock "0:00:00"]
[BlackClock "0:00:14"]
[Board "137"]

1. d4 c6 2. c4 d6 3. Nc3 g6 4. Nf3 Bg7 5. e3 f5 6. Bd3 Na6 7. O-O e5 8. Bc2 e4 9. Ne1 Nf6 10. a3 O-O 11. b4 Be6 12. Bb3 d5 13. c5 Nc7 14. a4 h5 15. b5 Ng4 16. h3 g5 17. hxg4 hxg4 18. f3 gxf3 19. gxf3 Qf6 20. Kf2 exf3 21. Nxf3 f4 22. Ke1 Rae8 23. Kd2 Bf5 24. exf4 gxf4 25. Bb2 Re3 26. Kc1 Rfe8 27. Bc2 Bg4 28. Bd3 a6 29. Kc2 Rxd3 30. Kxd3 Bf5+ 31. Kd2 Re3 32. Kc1 axb5 33. Ne5 b4 34. Ne2 Bh6 35. Nxf4 Kh8 36. Qh5 Rh3 37. Ng6+ Qxg6 38. Qxg6 Bxg6 39. Rf2 Ne6 40. Kd2 Bxf4+ 41. Ke2 Bd3+ 42. Ke1 Rh1+ 0-1


[Site "https://www.chess.com"]

[Event "Titled Tuesday Blitz June 13 Early 2023"]
[White "Ciuffoletti, Paolo"]
[Black "Howell, David W L"]
[WhiteFideId "807630"]
[BlackFideId "410608"]
[WhiteElo "2143"]
[BlackElo "2567"]
[Result "0-1"]
[Round "7"]
[TimeControl "180+2"]
[Date "2023.06.13"]
[WhiteClock "0:00:00"]
[BlackClock "0:00:22"]
[Board "138"]

1. e4 e6 2. d4 d5 3. e5 Bd7 4. Nf3 c5 5. c3 Qb6 6. Be2 Bb5 7. c4 Bxc4 8. Bxc4 dxc4 9. d5 exd5 10. Qxd5 Ne7 11. Qe4 Qc6 12. Qe2 Nd5 13. Qxc4 Be7 14. O-O Nd7 15. Nbd2 O-O 16. Qg4 Rfe8 17. Re1 Nf8 18. Ne4 Qg6 19. Qxg6 hxg6 20. Bg5 Bxg5 21. Nexg5 b6 22. a3 Nf4 23. Rad1 Rad8 24. Kf1 N8e6 25. g3 Nxg5 26. Nxg5 Nd3 27. Re2 c4 28. f4 b5 29. Ne4 a6 30. Red2 f6 31. Nc5 fxe5 32. Nxd3 cxd3 33. Rxd3 Rxd3 34. Rxd3 exf4 35. gxf4 Re4 36. Rf3 Kf7 37. Kf2 Kf6 38. h4 Kf5 39. Kg3 Re2 40. b3 Ra2 41. Rd3 Rxa3 42. Rd5+ Ke4 43. Re5+ Kd4 44. Rg5 Rxb3+ 45. Kg4 Rb1 46. Rxg6 Rg1+ 47. Kh5 Rxg6 48. Kxg6 b4 49. h5 b3 50. h6 gxh6 51. f5 b2 52. f6 b1=Q+ 0-1


[Site "https://www.chess.com"]

[Event "Titled Tuesday Blitz June 13 Early 2023"]
[White "Mazurkiewicz, Michal"]
[Black "Kozak, Antoni"]
[WhiteFideId "1124943"]
[BlackFideId "21832030"]
[WhiteElo "2063"]
[BlackElo "2470"]
[Result "0-1"]
[Round "7"]
[TimeControl "180+2"]
[Date "2023.06.13"]
[WhiteClock "0:00:00"]
[BlackClock "0:00:21"]
[Board "139"]

1. e4 g6 2. d4 Bg7 3. Nc3 d6 4. f4 a6 5. Nf3 b5 6. a3 e6 7. Be2 Ne7 8. Be3 Nd7 9. O-O Bb7 10. Kh1 O-O 11. Qe1 h6 12. Rd1 Rb8 13. Nd2 Qc8 14. Nb3 Nb6 15. Na5 Ba8 16. Bf3 Rd8 17. Qh4 Re8 18. f5 exf5 19. Bxh6 Qd8 20. Bg5 Qd7 21. e5 dxe5 22. dxe5 Qe6 23. Bxa8 Rxa8 24. Nb3 Nc6 25. Rfe1 Qc4 26. e6 Qxh4 27. exf7+ Kxf7 28. Bxh4 Rxe1+ 29. Rxe1 Nc4 30. Nd5 Bxb2 31. Nxc7 Rh8 32. Bf2 Nxa3 33. Nc5 Be5 34. N7xa6 Nxc2 35. Rc1 N2d4 36. g3 Ne2 37. Re1 Nxg3+ 38. Kg2 Ne4 39. Nxe4 fxe4 40. Rxe4 Rxh2+ 41. Kf3 Rh3+ 42. Kg2 Rh2+ 43. Kf3 Rh3+ 44. Kg2 Ra3 45. Nb4 Ra4 46. Re3 Rxb4 0-1


[Site "https://www.chess.com"]

[Event "Titled Tuesday Blitz June 13 Early 2023"]
[White "Gulkov, Igor A."]
[Black "Iskusnyh, Sergei"]
[WhiteFideId "4120973"]
[BlackFideId "4120027"]
[WhiteElo "2343"]
[BlackElo "2492"]
[Result "0-1"]
[Round "7"]
[TimeControl "180+2"]
[Date "2023.06.13"]
[WhiteClock "0:00:00"]
[BlackClock "0:00:14"]
[Board "140"]

1. Nf3 d5 2. d4 Nf6 3. c4 c6 4. Nc3 e6 5. Bg5 Nbd7 6. e3 Be7 7. Qc2 h6 8. Bh4 O-O 9. Rc1 a6 10. cxd5 exd5 11. Bd3 Ne8 12. Bxe7 Qxe7 13. O-O Nd6 14. Rce1 f5 15. Nd2 Nf6 16. f4 Nfe4 17. Nf3 Be6 18. Ne5 Qf6 19. Bxe4 fxe4 20. g4 Nf7 21. Nxf7 Rxf7 22. Qg2 Qh4 23. f5 Bd7 24. Ne2 h5 25. h3 hxg4 26. hxg4 Qg5 27. Nf4 Rf6 28. Qg3 Rh6 29. Kg2 Rh4 30. Nh3 Qxg4 31. Qxg4 Rxg4+ 32. Kh2 Kf7 33. Rg1 Rxg1 34. Rxg1 Rh8 35. Rg5 g6 36. fxg6+ Kg7 37. Rg3 Bxh3 38. Rxh3 Rxh3+ 39. Kxh3 Kxg6 40. Kg4 b6 41. b4 a5 42. a3 Kf6 43. Kf4 Ke6 44. Kg5 axb4 45. axb4 c5 46. dxc5 bxc5 47. bxc5 d4 0-1


[Site "https://www.chess.com"]

[Event "Titled Tuesday Blitz June 13 Early 2023"]
[White "Dixit, Nikhil"]
[Black "Nikologorsky, Matfei"]
[WhiteFideId "5059534"]
[BlackFideId "24102474"]
[WhiteElo "2207"]
[BlackElo "2153"]
[Result "0-1"]
[Round "7"]
[TimeControl "180+2"]
[Date "2023.06.13"]
[WhiteClock "0:00:37"]
[BlackClock "0:01:12"]
[Board "141"]

1. e4 c5 2. Nf3 e6 3. b3 d5 4. Bb5+ Bd7 5. Bxd7+ Qxd7 6. exd5 Qxd5 7. O-O Nf6 8. Nc3 Qd7 9. Qe2 Nc6 10. Ne5 Nxe5 11. Qxe5 Bd6 12. Qg5 O-O 13. Bb2 h6 14. Qh4 Be7 15. Qf4 Rfd8 16. d3 Bd6 17. Qf3 b6 18. Ne4 Nxe4 19. Qxe4 Qc7 20. g3 Rd7 21. a4 Rad8 22. Rfe1 Bf8 23. a5 b5 24. Be5 Qc8 25. g4 Rd5 26. f4 c4 27. bxc4 bxc4 28. d4 Qa6 29. g5 hxg5 30. fxg5 Rxa5 31. Rxa5 Qxa5 32. Rf1 Qd2 33. Qh4 Be7 34. Bxg7 Kxg7 35. Qh6+ Kg8 36. Rxf7 0-1


[Site "https://www.chess.com"]

[Event "Titled Tuesday Blitz June 13 Early 2023"]
[White "Srdanovic, Jovana"]
[Black "Koridze, Lile"]
[WhiteFideId "954810"]
[BlackFideId "13612514"]
[WhiteElo "2155"]
[BlackElo "2047"]
[Result "1-0"]
[Round "7"]
[TimeControl "180+2"]
[Date "2023.06.13"]
[WhiteClock "0:00:10"]
[BlackClock "0:00:49"]
[Board "142"]

1. e4 c5 2. Nf3 d6 3. d4 cxd4 4. Nxd4 Nf6 5. Nc3 a6 6. Be2 e5 7. Nb3 Be7 8. Be3 Be6 9. Qd3 b5 10. a4 b4 11. Nd5 Nbd7 12. Nxb4 a5 13. Nc6 Qc7 14. Nxe7 Kxe7 15. O-O Nb6 16. f4 Bc4 17. Qd1 Nxe4 18. fxe5 dxe5 19. Bxc4 Nxc4 20. Qd5 Ncd6 21. Qxe5+ Kf8 22. Nc5 Re8 23. Ne6+ Rxe6 24. Qxe6 Kg8 25. Qd5 h6 26. c3 Kh7 27. Rad1 Re8 28. Bf4 Qb6+ 29. Qd4 Qxd4+ 30. Rxd4 Nf5 31. Rd5 g6 32. Rxa5 Nf6 33. Ra7 Kg7 34. a5 Re2 35. a6 Rxb2 36. Rb7 Ra2 37. a7 Nh4 38. Be5 Nf5 39. Bxf6+ Kxf6 40. g4 1-0


[Site "https://www.chess.com"]

[Event "Titled Tuesday Blitz June 13 Early 2023"]
[White "Tarasova, Viktoriya"]
[Black "Venkatesh, M.R."]
[WhiteFideId "4175840"]
[BlackFideId "5005779"]
[WhiteElo "2182"]
[BlackElo "2450"]
[Result "0-1"]
[Round "7"]
[TimeControl "180+2"]
[Date "2023.06.13"]
[WhiteClock "0:00:04"]
[BlackClock "0:00:31"]
[Board "143"]

1. d4 Nf6 2. c4 e6 3. Nc3 Bb4 4. Nf3 O-O 5. Bg5 c5 6. Rc1 h6 7. Bh4 Nc6 8. e3 cxd4 9. exd4 d5 10. cxd5 exd5 11. Be2 g5 12. Bg3 Ne4 13. O-O Nxg3 14. hxg3 Be6 15. a3 Bd6 16. Re1 g4 17. Nh2 h5 18. Nf1 Qg5 19. b4 Rac8 20. Bb5 Ne7 21. Ne2 Nf5 22. Qd2 Qxd2 23. Nxd2 Kg7 24. Nb3 b6 25. Rxc8 Rxc8 26. Rc1 Rh8 27. Bd3 h4 28. gxh4 Nxh4 29. Ng3 Bd7 30. Kf1 f5 31. Ne2 f4 32. Re1 f3 33. gxf3 Nxf3 34. Rd1 Rh1+ 0-1


[Site "https://www.chess.com"]

[Event "Titled Tuesday Blitz June 13 Early 2023"]
[White "Zavgorodniy, Sergiy"]
[Black "Davidson, Kevin"]
[WhiteFideId "14110148"]
[BlackFideId "2056810"]
[WhiteElo "2402"]
[BlackElo "2151"]
[Result "1-0"]
[Round "7"]
[TimeControl "180+2"]
[Date "2023.06.13"]
[WhiteClock "0:01:55"]
[BlackClock "0:00:13"]
[Board "144"]

1. d4 Nf6 2. c4 g6 3. Nc3 Bg7 4. e4 d6 5. Be2 O-O 6. Nf3 e5 7. O-O Nc6 8. d5 Ne7 9. Ne1 Nd7 10. Be3 f5 11. f3 f4 12. Bf2 g5 13. a4 a5 14. Nd3 b6 15. b4 Ng6 16. bxa5 Rxa5 17. Nb5 Nf6 18. Nb4 Ra8 19. Nc6 Qd7 20. a5 bxa5 21. Rxa5 Rxa5 22. Nxa5 g4 23. Kh1 Rf7 24. c5 gxf3 25. gxf3 dxc5 26. Nc6 Qh3 27. Rg1 Nh4 28. Nxe5 Re7 29. Bf1 Rxe5 30. Bxh3 Bxh3 31. Bxh4 1-0


[Site "https://www.chess.com"]

[Event "Titled Tuesday Blitz June 13 Early 2023"]
[White "Golubev, Mikhail"]
[Black "Yonal, Timur"]
[WhiteFideId "14100983"]
[BlackFideId "44115725"]
[WhiteElo "2374"]
[BlackElo "1966"]
[Result "1-0"]
[Round "7"]
[TimeControl "180+2"]
[Date "2023.06.13"]
[WhiteClock "0:00:03"]
[BlackClock "0:00:13"]
[Board "145"]

1. e4 c6 2. d4 d5 3. e5 Bf5 4. h4 h5 5. c4 dxc4 6. Bxc4 e6 7. Nc3 Nd7 8. Nge2 Be7 9. g3 Nb6 10. Bd3 Bxd3 11. Qxd3 Nd5 12. Ne4 Nh6 13. Bxh6 Rxh6 14. a3 Qa5+ 15. Kf1 Qb6 16. Kg2 O-O-O 17. b4 Rg6 18. Rhc1 Kb8 19. Kh2 Nc7 20. Qf3 f5 21. Nc5 Rh6 22. Nf4 g5 23. hxg5 Bxg5 24. Kg2 h4 25. Rh1 Rdh8 26. Nd7+ Ka8 27. Nxb6+ axb6 28. a4 Bxf4 29. gxf4 h3+ 30. Kf1 Nd5 31. Ke2 Rh4 32. Rh2 Nxf4+ 33. Kd2 Nd5 34. Qd3 Rg8 35. b5 Rgg4 36. Ke1 Rxd4 37. Qa3 Rde4+ 38. Kf1 c5 39. a5 Kb8 40. axb6 Nxb6 41. Qa7+ Kc7 42. Ra6 Nc8 43. Rc6+ Kd8 44. Qxb7 Rd4 45. Rxc8# 1-0


[Site "https://www.chess.com"]

[Event "Titled Tuesday Blitz June 13 Early 2023"]
[White "FREDERICKtheMATE"]
[Black "Peycheva, Gergana"]
[BlackFideId "2916711"]
[WhiteElo "2350"]
[BlackElo "2216"]
[Result "1-0"]
[Round "7"]
[TimeControl "180+2"]
[Date "2023.06.13"]
[WhiteClock "0:01:44"]
[BlackClock "0:00:02"]
[Board "146"]

1. Nf3 c5 2. g3 Nc6 3. c4 g6 4. Bg2 Bg7 5. O-O e5 6. Nc3 Nge7 7. e4 O-O 8. d3 d6 9. Ne1 Be6 10. Nc2 h6 11. Ne3 f5 12. Ned5 Kh7 13. Be3 Nd4 14. Bxd4 exd4 15. Ne2 fxe4 16. dxe4 Nc6 17. Nef4 Bxd5 18. exd5 Ne5 19. Ne6 Qf6 20. Nxf8+ Rxf8 21. b3 Qf5 22. f4 Ng4 23. Bh3 h5 24. Re1 d3 25. Bxg4 hxg4 26. Rc1 Rf7 27. Kg2 Bb2 28. Rb1 Bc3 29. Re3 Bd4 30. Re6 d2 31. Qf1 Qc2 32. Rd1 Bc3 33. Qe2 Kg7 34. Qxg4 Bf6 35. Qe2 Bc3 36. h4 Bf6 37. Rxd2 Qf5 38. Qe4 Qg4 39. Qf3 Qf5 40. Rde2 Bd4 41. R2e4 Qf6 42. Rxf6 Bxf6 43. Qg4 Kf8 44. Qe6 Bg7 1-0


[Site "https://www.chess.com"]

[Event "Titled Tuesday Blitz June 13 Early 2023"]
[White "Ai, Evan"]
[Black "Sovetbekova, Nurai"]
[WhiteFideId "2094770"]
[BlackFideId "13801910"]
[WhiteElo "1963"]
[BlackElo "1857"]
[Result "1-0"]
[Round "7"]
[TimeControl "180+2"]
[Date "2023.06.13"]
[WhiteClock "0:01:31"]
[BlackClock "0:00:09"]
[Board "147"]

1. e4 c5 2. Nf3 Nc6 3. d4 cxd4 4. Nxd4 Nf6 5. Nc3 e5 6. Ndb5 d6 7. Bg5 a6 8. Na3 b5 9. Nd5 Be7 10. Bxf6 Bxf6 11. c4 b4 12. Nc2 a5 13. b3 O-O 14. g3 g6 15. h4 Bg7 16. Bg2 Ne7 17. O-O Be6 18. Nce3 Nc6 19. Rc1 Nd4 20. f4 exf4 21. Nxf4 Bd7 22. e5 dxe5 23. Bxa8 exf4 24. Rxf4 Qxa8 25. Rxd4 Qa7 26. c5 Bc6 27. Rd6 Qc7 28. Nd5 Bxd5 29. Qxd5 Re8 30. Rf1 Bf8 31. Qc6 Bxd6 32. Qxe8+ Kg7 33. cxd6 Qc5+ 34. Kg2 Qc2+ 35. Rf2 Qe4+ 36. Qxe4 1-0


[Site "https://www.chess.com"]

[Event "Titled Tuesday Blitz June 13 Early 2023"]
[White "Shapiro, Daniel"]
[Black "Tokman, Ariel"]
[WhiteFideId "2001780"]
[BlackFideId "117420"]
[WhiteElo "2342"]
[BlackElo "2263"]
[Result "1-0"]
[Round "7"]
[TimeControl "180+2"]
[Date "2023.06.13"]
[WhiteClock "0:00:08"]
[BlackClock "0:00:00"]
[Board "148"]

1. d4 d6 2. e4 Nf6 3. Nc3 g6 4. h3 Bg7 5. Nge2 O-O 6. g4 e5 7. Be3 Nc6 8. Bg2 Re8 9. O-O Rb8 10. a4 a6 11. Rb1 b5 12. axb5 axb5 13. b4 Bxg4 14. hxg4 Nxg4 15. d5 Qh4 16. Re1 Nxe3 17. fxe3 Bh6 18. Qd3 Ne7 19. Rf1 Kg7 20. Rf3 Ng8 21. Rbf1 Rf8 22. Nxb5 Qe7 23. c3 Bg5 24. Na7 Ra8 25. Nc6 Qd7 26. Bh3 Qe8 27. Nc1 Ne7 28. Nxe7 Qxe7 29. Nb3 Bh6 30. Na5 Qg5+ 31. Kh2 f6 32. Rg3 Qh4 33. Qe2 Kh8 34. Qg4 Qxg4 35. Bxg4 Bg5 36. Kg2 h5 37. Be6 Kg7 38. Rc1 Kh6 39. Kf3 Bh4 40. Rg2 g5 41. c4 g4+ 42. Ke2 Kg5 43. Bf5 Kh6 44. Kd3 Ra7 45. c5 dxc5 46. Rxc5 Rb8 47. Rgc2 Rxb4 48. Nc6 Ra3+ 49. R2c3 Rbb3 50. Rxb3 Rxb3+ 51. Kd2 Rb2+ 52. Rc2 Rb3 53. Ne7 Bg5 54. Rxc7 Bxe3+ 55. Ke2 Bd4 56. Be6 Re3+ 57. Kd2 Kg5 58. Nf5 Ra3 59. Nxd4 exd4 60. d6 Ra6 61. d7 Rd6 62. Rc8 1-0


[Site "https://www.chess.com"]

[Event "Titled Tuesday Blitz June 13 Early 2023"]
[White "Slavin, Alexey"]
[Black "Santos Flores, Alberto"]
[WhiteFideId "24104388"]
[BlackFideId "3601234"]
[WhiteElo "2264"]
[BlackElo "2235"]
[Result "1-0"]
[Round "7"]
[TimeControl "180+2"]
[Date "2023.06.13"]
[WhiteClock "0:00:09"]
[BlackClock "0:00:07"]
[Board "149"]

1. e4 c5 2. g3 Nc6 3. Bg2 g6 4. Ne2 Bg7 5. O-O e6 6. Nbc3 Nge7 7. a3 O-O 8. Rb1 d5 9. exd5 exd5 10. b4 b6 11. Nf4 Be6 12. Re1 Qd6 13. Nb5 Qd7 14. Qe2 a6 15. Nxe6 fxe6 16. Nc3 Nd4 17. Qd1 c4 18. Ne2 Nec6 19. Nf4 g5 20. Nh5 Qf7 21. Rf1 Bh8 22. f4 gxf4 23. Nxf4 Rae8 24. Bb2 Nf5 25. Bxh8 Kxh8 26. Qg4 Qg7 27. Qh3 Ncd4 28. c3 Nb3 29. Rbd1 Re7 30. Nh5 Qg6 31. Rf4 Ref7 32. Rg4 Qh6 33. Nf4 Qxh3 34. Bxh3 Nh6 35. Rh4 Nf5 36. Rh5 Ng7 37. Ng6+ Kg8 38. Nxf8 Kxf8 39. Rxh7 Rf3 40. Rh8+ Ke7 41. Rf1 Rxf1+ 42. Bxf1 Nxd2 43. h4 Ne4 44. h5 Nf5 45. h6 Kf6 46. g4 Ne7 47. Rf8+ Kg6 48. Bg2 Kxh6 49. Bxe4 dxe4 50. Re8 Nd5 51. Rxe6+ Kg5 52. Rxe4 Nxc3 53. Rxc4 Nb5 54. Rc6 Nxa3 55. Rxb6 Nc2 56. Rxa6 Nxb4 57. Ra4 Nd3 58. Kg2 Ne5 59. Kg3 Ng6 60. Ra5+ Kf6 61. Rf5+ Ke6 62. Kf3 Ne5+ 63. Kf4 Ng6+ 64. Kg5 Ne7 65. Rf6+ Ke5 66. Rf7 Nd5 67. Kh6 Ke6 68. Rf1 Nf6 69. g5 Ng4+ 70. Kh7 Ne5 71. g6 Nd7 72. g7 1-0


[Site "https://www.chess.com"]

[Event "Titled Tuesday Blitz June 13 Early 2023"]
[White "Jiganchine, Roman"]
[Black "Bilan, Danila"]
[WhiteFideId "2603667"]
[BlackFideId "24161918"]
[WhiteElo "2309"]
[BlackElo "2146"]
[Result "1-0"]
[Round "7"]
[TimeControl "180+2"]
[Date "2023.06.13"]
[WhiteClock "0:00:19"]
[BlackClock "0:00:00"]
[Board "150"]

1. e4 c6 2. d4 d5 3. exd5 cxd5 4. Nf3 Nf6 5. c3 Nc6 6. Ne5 g6 7. Bb5 Bd7 8. Nxd7 Qxd7 9. O-O Bg7 10. Re1 O-O 11. Bf4 a6 12. Bf1 b5 13. Nd2 b4 14. cxb4 Nxd4 15. Nb3 Nxb3 16. Qxb3 Ne4 17. Rad1 Nf6 18. Be5 e6 19. h3 Qb7 20. Be2 Ne4 21. Bxg7 Kxg7 22. Bf3 Nd6 23. Qc3+ Kg8 24. h4 Rab8 25. a3 Qb5 26. h5 Qc4 27. Qf6 Ne8 28. Qe5 Qc7 29. Qg5 Qd8 30. Qg3 Rc8 31. h6 Qf6 32. Rc1 Rxc1 33. Rxc1 g5 34. Rc8 Qxh6 35. Qb8 Nf6 36. g3 g4 37. Bg2 Qc1+ 38. Rxc1 Rxb8 39. Rc6 Ra8 40. Bf1 a5 41. b5 Kf8 42. b6 Ke7 43. b7 Rb8 44. Ba6 Kd7 45. Rc8 1-0


[Site "https://www.chess.com"]

[Event "Titled Tuesday Blitz June 13 Early 2023"]
[White "Gonzalez Vega, Alejandro"]
[Black "Sharapov, Evgeny"]
[WhiteFideId "3510042"]
[BlackFideId "14103133"]
[WhiteElo "2308"]
[BlackElo "2367"]
[Result "0-1"]
[Round "7"]
[TimeControl "180+2"]
[Date "2023.06.13"]
[WhiteClock "0:00:02"]
[BlackClock "0:00:37"]
[Board "151"]

1. e4 c5 2. Nf3 d6 3. d4 cxd4 4. c3 Nf6 5. cxd4 Nxe4 6. d5 Nf6 7. Nc3 g6 8. Bg5 Bg7 9. Bd3 O-O 10. O-O Nbd7 11. h3 Nb6 12. Bc2 Bd7 13. Re1 h6 14. Bh4 Rc8 15. Bb3 a5 16. a3 Nc4 17. Qe2 b5 18. Rac1 g5 19. Bg3 Re8 20. Nxb5 Bxb5 21. Bxc4 Rxc4 22. Rxc4 Nxd5 23. b3 Nb6 24. Qc2 Nxc4 25. bxc4 Bc6 26. Qd3 Qc7 27. Nd4 Bd7 28. Nb5 Qc5 29. a4 f5 30. h4 f4 31. Bh2 Bf5 32. Qd5+ Qxd5 33. cxd5 Kf7 34. hxg5 hxg5 35. f3 Rc8 36. g3 Be5 37. gxf4 gxf4 38. Re2 Rc4 39. Na7 Rxa4 40. Nc6 Bf6 41. Kf2 Bd3 42. Rd2 Bc4 43. Kg2 Ra1 44. Nd8+ Kg6 45. Bxf4 a4 46. Ne6 a3 47. Kf2 a2 48. Ke3 Re1+ 49. Kf2 a1=Q 0-1


[Site "https://www.chess.com"]

[Event "Titled Tuesday Blitz June 13 Early 2023"]
[White "Ladan, Nicholas"]
[Black "Simonovic, Miroslav"]
[WhiteFideId "30918855"]
[BlackFideId "919152"]
[WhiteElo "2167"]
[BlackElo "2075"]
[Result "1-0"]
[Round "7"]
[TimeControl "180+2"]
[Date "2023.06.13"]
[WhiteClock "0:00:17"]
[BlackClock "0:00:10"]
[Board "152"]

1. b4 e5 2. Bb2 d6 3. e3 g6 4. c4 Bg7 5. Nf3 Ne7 6. d4 e4 7. Nfd2 f5 8. Qb3 O-O 9. d5 c6 10. Bxg7 Kxg7 11. Nc3 Nd7 12. h4 h5 13. Be2 Ne5 14. a4 Bd7 15. a5 b6 16. f4 exf3 17. gxf3 bxa5 18. Rxa5 Qb6 19. Na4 Qb7 20. f4 Ng4 21. Qc3+ Kh7 22. Nf3 cxd5 23. Ng5+ Kh6 24. c5 Bxa4 25. Rxa4 dxc5 26. bxc5 Qb1+ 27. Bd1 Nc6 28. O-O Qb5 29. Ne6 Rf7 30. Ra3 Re8 31. Ng5 Qb4 32. Qxb4 Nxb4 33. Bxg4 hxg4 34. Nxf7+ Kg7 35. Ne5 Nc2 36. Rxa7+ Kg8 37. Rb1 Nxe3 38. Rbb7 d4 39. Rg7+ Kh8 40. Nxg6# 1-0


[Site "https://www.chess.com"]

[Event "Titled Tuesday Blitz June 13 Early 2023"]
[White "babbilator"]
[Black "Seletsky, Grigory"]
[BlackFideId "14112191"]
[WhiteElo "2302"]
[BlackElo "2491"]
[Result "0-1"]
[Round "7"]
[TimeControl "180+2"]
[Date "2023.06.13"]
[WhiteClock "0:00:49"]
[BlackClock "0:02:08"]
[Board "153"]

1. e4 c6 2. d4 d5 3. e5 Bf5 4. h4 h6 5. g4 Bd7 6. h5 e6 7. c4 dxc4 8. Bxc4 Ne7 9. Nc3 Nd5 10. f4 b5 11. Bb3 a5 12. Nf3 Na6 13. a4 Nab4 14. Bd2 Nd3+ 15. Kf1 N3xf4 16. Ne4 Nd3 17. Bxa5 Ne3+ 18. Ke2 Nxd1 19. Bxd8 N1xb2 20. Bb6 bxa4 21. Bc2 Nf4+ 22. Ke3 Nd5+ 0-1


[Site "https://www.chess.com"]

[Event "Titled Tuesday Blitz June 13 Early 2023"]
[White "Bueno, Alfeu Junior Varela"]
[Black "Zaksaite, Salomeja"]
[WhiteFideId "2108879"]
[BlackFideId "12801496"]
[WhiteElo "2175"]
[BlackElo "2059"]
[Result "1-0"]
[Round "7"]
[TimeControl "180+2"]
[Date "2023.06.13"]
[WhiteClock "0:00:12"]
[BlackClock "0:00:00"]
[Board "154"]

1. e4 e5 2. Nc3 Nf6 3. f4 d5 4. fxe5 Nxe4 5. Qf3 Nc6 6. Bb5 Nxc3 7. dxc3 Qh4+ 8. g3 Qe4+ 9. Qxe4 dxe4 10. Bxc6+ bxc6 11. Be3 Bg4 12. h3 Bh5 13. g4 Bg6 14. Ne2 h5 15. Kf2 O-O-O 16. Nf4 Be7 17. Nxg6 fxg6 18. Rad1 Rxd1 19. Rxd1 hxg4 20. hxg4 Rh2+ 21. Kg3 Rxc2 22. Rd2 Rxd2 23. Bxd2 g5 24. Be3 a6 25. c4 Kd7 26. Bd4 Ke6 27. Kf2 g6 28. Ke3 Bf8 29. Kxe4 Bg7 30. Bc3 c5 31. b3 c6 32. Bb2 Bh8 33. Bc1 Bxe5 34. Bxg5 Bd4 35. Bh4 Kd7 36. Bg5 Kd6 37. Bf4+ Ke6 38. Bc7 Kd7 39. Bb6 Ke6 40. b4 Bc3 41. Bxc5 Be1 42. a4 Bd2 43. a5 Be1 44. b5 cxb5 45. cxb5 Bxa5 46. bxa6 1-0


[Site "https://www.chess.com"]

[Event "Titled Tuesday Blitz June 13 Early 2023"]
[White "Mrudul Dehankar"]
[Black "Putri, Regita Desyari"]
[WhiteFideId "25096990"]
[BlackFideId "7109083"]
[WhiteElo "2139"]
[BlackElo "1930"]
[Result "0-1"]
[Round "7"]
[TimeControl "180+2"]
[Date "2023.06.13"]
[WhiteClock "0:00:00"]
[BlackClock "0:00:05"]
[Board "155"]

1. e4 e5 2. Nf3 Nc6 3. Bb5 a6 4. Ba4 Nf6 5. O-O Be7 6. Re1 b5 7. Bb3 d6 8. c3 O-O 9. h3 Bb7 10. d4 Re8 11. Nbd2 Bf8 12. Ng5 Re7 13. Ngf3 Re8 14. a4 h6 15. Bc2 exd4 16. cxd4 Nb4 17. Bb1 c5 18. d5 c4 19. Ra3 Nd7 20. Nd4 Qb6 21. N2f3 Nc5 22. Be3 bxa4 23. Nf5 Qc7 24. Nd2 Ncd3 25. Rf1 Nxb2 26. Qc1 g6 27. Nxh6+ Bxh6 28. Bxh6 Rab8 29. Qxb2 f5 30. Qf6 Qf7 31. Qg5 Nd3 32. Bxd3 cxd3 33. Rxd3 Re5 34. Rg3 Kh7 35. Qh4 Kg8 36. Bf4 Re7 37. Qg5 Rbe8 38. Bxd6 Rd7 39. e5 Bxd5 40. h4 Re6 41. h5 a3 42. hxg6 Qg7 43. Rxa3 Rxg6 44. f4 Rxg5 45. fxg5 Qxg5 46. Nf3 Bxf3 47. Raxf3 Kf7 48. Kf2 Ke6 49. Kg1 Rxd6 50. exd6 Kxd6 51. Rxf5 Qe3+ 52. Kh2 Qh6+ 53. Kg3 Qg6+ 54. Kf4 Ke6 55. Re5+ Kd6 56. Re2 Qf6+ 57. Ke3 Qxf1 0-1


[Site "https://www.chess.com"]

[Event "Titled Tuesday Blitz June 13 Early 2023"]
[White "Matyukov, Petr"]
[Black "Samaganova, Aleksandra"]
[WhiteFideId "4103688"]
[BlackFideId "13800221"]
[WhiteElo "2278"]
[BlackElo "1858"]
[Result "1-0"]
[Round "7"]
[TimeControl "180+2"]
[Date "2023.06.13"]
[WhiteClock "0:00:01"]
[BlackClock "0:00:00"]
[Board "156"]

1. d4 Nf6 2. c4 e6 3. Nc3 Bb4 4. e3 b6 5. f3 Bb7 6. e4 Bxc3+ 7. bxc3 d6 8. Be3 h6 9. Bd3 O-O 10. Ne2 e5 11. O-O Nbd7 12. Qe1 Re8 13. Qg3 Kh8 14. Qh3 Nh7 15. Ng3 Ndf6 16. Nf5 Bc8 17. dxe5 Bxf5 18. exf5 dxe5 19. Rad1 Qe7 20. Be4 Rad8 21. g4 Nxe4 22. fxe4 Rxd1 23. Rxd1 Rd8 24. Qf1 Ng5 25. Rd5 Nxe4 26. Qd3 Rxd5 27. Qxd5 Nf6 28. Qa8+ Kh7 29. Qf3 e4 30. Qf4 Qd7 31. Bd4 Qe7 32. g5 hxg5 33. Qxg5 Kg8 34. Qf4 Kf8 35. Bxf6 gxf6 36. Qh6+ Ke8 37. Qe3 Qe5 38. Kg2 Qxf5 39. Qd4 Qg4+ 40. Kf1 Qf3+ 41. Kg1 Qg4+ 42. Kf2 Qf4+ 43. Kg2 Qg5+ 44. Kf2 Qf4+ 45. Kg2 Ke7 46. c5 Qf3+ 47. Kg1 Ke6 48. cxb6 axb6 49. Qc4+ Kf5 50. Qd5+ Kg6 51. h4 e3 52. Qxf3 1-0


[Site "https://www.chess.com"]

[Event "Titled Tuesday Blitz June 13 Early 2023"]
[White "Chakravarthi Reddy, M"]
[Black "Kuznetsov, Mikhail"]
[WhiteFideId "25009532"]
[BlackFideId "4117190"]
[WhiteElo "2201"]
[BlackElo "1981"]
[Result "1-0"]
[Round "7"]
[TimeControl "180+2"]
[Date "2023.06.13"]
[WhiteClock "0:00:33"]
[BlackClock "0:00:32"]
[Board "157"]

1. e4 c6 2. d4 d5 3. e5 Bf5 4. h4 h5 5. Bd3 Bxd3 6. Qxd3 e6 7. Nf3 c5 8. dxc5 Bxc5 9. O-O Nc6 10. Bg5 Nge7 11. Nbd2 O-O 12. c3 Qd7 13. Ne4 Bb6 14. Nf6+ gxf6 15. Bxf6 Ng6 16. Qd2 Kh7 17. Ng5+ Kg8 18. Nf3 Kh7 19. Qg5 Rh8 20. Qxh5+ Kg8 21. Bxh8 Nxh8 22. Ng5 Ng6 23. Qh7+ Kf8 24. h5 Ngxe5 25. Qh8+ Ke7 26. Qxa8 Ng4 27. Qg8 Nce5 28. Rae1 Qa4 29. Nxf7 Qf4 30. Qg5+ Qxg5 31. Nxg5 Kf6 32. Nh3 Nd3 33. Re2 e5 34. g3 e4 35. Kg2 Kf5 36. Rd1 Nge5 37. Nf4 Nxf4+ 38. gxf4 Nd3 39. Rxd3 exd3 40. Re5+ Kxf4 41. Rxd5 d2 42. h6 Bc7 43. Rxd2 Be5 44. Rd7 Kg5 45. h7 Kg6 46. Rxb7 a5 47. Rb5 Bf6 48. Rb6 Kxh7 49. Rxf6 Kg7 50. Rf5 Kg6 51. Rxa5 Kf6 52. b4 Ke7 53. b5 Kd7 54. Ra6 Kc7 55. Rc6+ Kb7 56. a4 Kb8 57. a5 Kb7 58. a6+ Kb8 59. c4 Ka8 60. c5 Kb8 61. b6 Ka8 62. Rc8# 1-0


[Site "https://www.chess.com"]

[Event "Titled Tuesday Blitz June 13 Early 2023"]
[White "agvania123"]
[Black "Palczert, Matyas"]
[BlackFideId "784958"]
[WhiteElo "2255"]
[BlackElo "2224"]
[Result "0-1"]
[Round "7"]
[TimeControl "180+2"]
[Date "2023.06.13"]
[WhiteClock "0:00:18"]
[BlackClock "0:00:35"]
[Board "158"]

1. c4 Nf6 2. Nc3 e6 3. d4 c5 4. Nf3 cxd4 5. Nxd4 Nc6 6. e4 Bb4 7. Nxc6 bxc6 8. e5 Ne4 9. Qc2 Qa5 10. Qxe4 Bxc3+ 11. Kd1 Bxe5 12. Bd2 Qc7 13. Kc2 d5 14. Qf3 O-O 15. Bd3 Rb8 16. Rab1 g6 17. h4 Bg7 18. h5 e5 19. hxg6 fxg6 20. Qg3 Qe7 21. Bg5 Qc5 22. Be3 d4 23. Qh4 h5 24. Bxg6 Qxc4+ 25. Kd1 Bg4+ 26. f3 dxe3 27. fxg4 Qd4+ 0-1


[Site "https://www.chess.com"]